 Dungeon Crawl Stone Soup version 0.01-2130-g831048675f (webtiles) character file.

Game seed: 3751163054548032099, levelgen mode: deterministic

233 raph the Merchant of Misery (level 6, 0/47 HPs) Hill Orc Priest. Began on June 16, 2020. Was a Believer of Kikubaaqudgha. Slain by a sewer rat (7 damage) ... on level 2 of the Dungeon. The game lasted 00:06:50 (1999 turns).

raph the Merchant of Misery (Hill Orc Priest)       Turns: 1999, Time: 00:06:50

Health: 0/47       AC:  3    Str: 13    XL:     6 ^: 284
Magic:  4/9        EV: 12    Int: 16    God:    Kikubaaqudgha [2* [73]]
Gold:   89         SH:  0    Dex: 10    Spells: 3/7 levels left

rFire    . . .     Vision   .   e - +0 short sword
rCold    . . .     Gourm    .     - Unarmed
rNeg     . . .     Faith    .   a - +0 robe
rPois    .         Spirit   .   c - +0 helmet
rElec    .         Reflect  .   (no cloak)
rCorr    .         Harm     .   (no gloves)
MR       .....                  (no boots)
Stlth    +++.......             (no amulet)
HPRegen  0.25/turn              h - ring of stealth
MPRegen  0.19/turn              (no ring)

@: no status effects
A: no striking features
a: Receive Corpses, Renounce Religion


You were on level 2 of the Dungeon.
You worshipped Kikubaaqudgha.
Kikubaaqudgha was pleased with you.
You were not hungry.

You visited 1 branch of the dungeon, and saw 2 of its levels.
You also visited: Temple.

You collected 89 gold pieces.

Inventory:

Weapons
 e - a +0 short sword (weapon) Shields
 d - a +0 buckler
Armour
 a - a +0 robe (worn)
 c - a +0 helmet (worn)
Jewellery
 h - a ring of stealth (left hand)
Scrolls
 f - 4 scrolls of enchantment
 g - a scroll of amnesia
Comestibles
 b - 5 rations
 j - 3 chunks of flesh


   Skills:
 + Level 1.1 Fighting
 + Level 1.7 Short Blades
 + Level 2.3 Dodging
 - Level 1.7 Stealth
 - Level 3.7 Unarmed Combat
 + Level 1.4 Spellcasting
 + Level 1.3 Hexes
 * Level 3.0 Necromancy
   Level 4.8 Invocations


You had 3 spell levels left.
You knew the following spells:

 Your Spells              Type           Power        Failure   Level  Hunger
a - Pain                  Hex/Necr       8 (25)       9%          1    ##.....
b - Animate Skeleton      Necr           N/A          6%          1    ##.....
c - Sublimation of Blood  Necr           10 (200)     10%         2    ###....

Your spell library contained the following spells:

 Spells                   Type           Power        Failure   Level  Hunger
 Regeneration             Chrm/Necr      5 (200)      34%         3    ####...


Dungeon Overview and Level Annotations

Branches:
Dungeon (2/8)

Altars:


Message History

Casting: Pain (safe; 9% risk of failure)
Confirm with . or Enter, or press ? or * to list all spells.
Aiming: Pain (safe; 9% risk of failure)
Press: ? - help, Shift-Dir - straight line, f/p - sewer rat
Aim: a sewer rat (heavily wounded (5/10), chance to defeat MR: 66%)
The sewer rat struggles to resist.
The sewer rat barely misses you (0).
Casting: Pain (safe; 9% risk of failure)
Confirm with . or Enter, or press ? or * to list all spells.
Aiming: Pain (safe; 9% risk of failure)
Press: ? - help, Shift-Dir - straight line, f/p - sewer rat
Aim: a sewer rat (heavily wounded (5/10), chance to defeat MR: 66%)
The sewer rat writhes in agony (4).
The sewer rat bites you but does no damage.
Casting: Pain (safe; 9% risk of failure)
Confirm with . or Enter, or press ? or * to list all spells.
You attempt to give life to the dead...
Before your eyes, flesh is ripped from the corpse!
The dead are walking!
The sewer rat bites you (7)!
You die...
Kikubaaqudgha rasps: "You have failed me!
Welcome... death!"

≈≈≈≈≈≈≈≈≈≈P.≈≈≈≈PP≈≈≈≈≈
PP≈≈≈≈≈≈≈≈P≈≈≈≈PP≈≈≈≈≈≈
≈PP≈≈≈≈≈≈≈≈≈≈≈≈≈≈≈≈≈≈≈≈
.P≈≈≈≈≈≈≈≈≈≈.≈≈≈P.≈≈≈≈≈
....PPPPPP..≈≈≈...≈≈≈≈≈
.≈##PPPPP.P###..≈.###≈#
≈# PP≈≈PP####.%≈### ##


≈PPPP #≈%.r≈.## #.≈≈@Z.≈# ###≈##### ##≈ ≈# ≈# ## You could see a sewer rat and a
friendly sewer rat skeleton.

Vanquished Creatures
  A big kobold (D:2)
  3 jellies (D:2)
  A sewer rat (D:2)
  3 cinder newts
  An ooze (D:1)
  2 dart slugs (D:1)
  2 adder skeletons (D:2)
  A giant cockroach (D:2)
  4 goblins (D:1)
  4 hobgoblins (D:1)
  6 kobolds (D:2)
  A ball python (D:1)
  5 bats
  A bat skeleton (D:2)
  3 rats (D:1)
38 creatures vanquished.

Vanquished Creatures (collateral kills)
  A goblin (D:1)
  A hobgoblin (D:1)
  A ball python (D:2)
  2 bats (D:1)
5 creatures vanquished.

Grand Total: 43 creatures vanquished

Notes
Turn   | Place    | Note
-------+----------+-------------------------------------------
     0 | Start Te | raph the Hill Orc Priest began the quest for the Orb.
     0 | Start Te | Reached XP level 1. HP: 14/14 MP: 3/3
     0 | Start Te | Found a sparkling altar of Nemelex Xobeh.
     1 | Start Te | Found a basalt altar of Yredelemnul.
     1 | Start Te | Found a white marble altar of Elyvilon.
     2 | Start Te | Found an iron altar of Okawaru.
     3 | Start Te | Found a glowing silver altar of Zin.
     3 | Start Te | Found a blossoming altar of Fedhas.
     4 | Start Te | Became a worshipper of Kikubaaqudgha
     4 | Start Te | Reached * piety under Kikubaaqudgha
     4 | Start Te | Identified Kikubaaqudgha's Grimoire of Darkness
                  | (Kikubaaqudgha gifted it to you in a Temple outside the
                  | Dungeon)
     4 | Start Te | Received a gift from Kikubaaqudgha
     4 | Start Te | Reached ** piety under Kikubaaqudgha
     6 | Start Te | Found a stormy altar of Qazlal.
     7 | Start Te | Found a glowing golden altar of the Shining One.
     7 | Start Te | Found an opulent altar of Gozag.
     8 | Start Te | Found a sacrificial altar of Ru.
     9 | Start Te | Found a faded altar of an unknown god.
     9 | Start Te | Found a hazy altar of Hepliaklqana.
    49 | D:1      | Reached XP level 2. HP: 20/20 MP: 5/5
    64 | D:1      | Learned a level 1 spell: Animate Skeleton
   504 | D:1      | Reached XP level 3. HP: 22/26 MP: 6/6
   778 | D:1      | Learned a level 1 spell: Pain
   866 | D:1      | Reached skill level 1 in Short Blades
  1177 | D:2      | Reached skill level 1 in Necromancy
  1324 | D:2      | Reached XP level 4. HP: 30/34 MP: 0/7
  1548 | D:2      | Learned a level 2 spell: Sublimation of Blood
  1550 | D:2      | Noticed a big kobold
  1589 | D:2      | Killed a big kobold
  1589 | D:2      | Reached skill level 1 in Spellcasting
  1589 | D:2      | Reached skill level 1 in Hexes
  1589 | D:2      | Reached XP level 5. HP: 21/39 MP: 8/8
  1802 | D:2      | Reached skill level 1 in Fighting
  1925 | D:2      | Reached XP level 6. HP: 42/47 MP: 3/9
  1965 | D:2      | HP: 2/47 [sewer rat (6)]
  1999 | D:2      | Slain by a sewer rat

Levels and vault maps discovered:
D:1:      ncdulo_lavacross, layout_basic, serial_forest,
          infiniplex_forest_zigzag_1, infiniplex_forest_clump_medium,
          infiniplex_forest_straight_2, infiniplex_forest_lined_corner,
          infiniplex_forest_straight_4, infiniplex_forest_lined_corner,
          first_ration
D:2:      layout_sewer

Skill      XL: |  1  2  3  4  5  6 |
---------------+-------------------+-----
Dodging        | 2 |  2.3
Short Blades   | 1 |  1.7
Necromancy     | 1 2 3 |  3.0
Spellcasting   | 1 |  1.4
Hexes          | 1 |  1.3
Fighting       | 1 |  1.1
Stealth        | |  1.7
Unarmed Combat | |  3.7
Invocations    | |  4.8

Action                   |  1- 3 |  4- 6 || total
-------------------------+-------+-------++-------
Melee: Unarmed           |    82 |    42 ||   124
       Short sword       |    64 |    48 ||   112
 Cast: Animate Skeleton  |    15 |     5 ||    20
       Pain              |    16 |    53 ||    69
  Use: Potion            |       |     1 ||     1
       Scroll            |       |     1 ||     1
 Stab: Sleeping          |     1 |       ||     1
       Distracted        |       |     1 ||     1
  Eat: Chunk             |     3 |     2 ||     5
       Ration            |       |     1 ||     1
Armor: Robe              |    17 |    10 ||    27
Dodge: Dodged            |    67 |    38 ||   105
